 Dungeon Crawl Stone Soup version 0.27.1-34-g3ba077fa99 (webtiles) character file.

Game seed: 10062530795086146867

181 cbfl8 the Sneak (level 5, -10/47 HPs)
             Began as a Minotaur Delver on Jan 24, 2022.
             Mangled by an ogre (14 damage)
             ... on level 4 of the Dungeon.
             The game lasted 00:01:31 (660 turns).

cbfl8 the Sneak (Minotaur Delver)                    Turns: 660, Time: 00:01:32

Health: -10/47     AC:  5    Str: 16    XL:     5   Next: 34%
Magic:  4/4        EV: 11    Int:  8    God:
Gold:   15         SH:  0    Dex: 12    Spells: 4/4 levels left

rFire    . . .     SeeInvis .   a - +0 hand axe
rCold    . . .     Faith    .   (no shield)
rNeg     . . .     Spirit   .   f - +0 ring mail
rPois    .         Reflect  .   (helmet restricted)
rElec    .         Harm     .   (no cloak)
rCorr    .         Rampage  .   (no gloves)
Will     .....                  (no boots)
Stlth    ++........             (no amulet)
HPRegen  0.15/turn              (no ring)
MPRegen  0.09/turn              (no ring)

@: lethally poisoned (-10 -> -17)
A: horns 2, retaliatory headbutt
a: no special abilities


You were on level 4 of the Dungeon.
You visited 1 branch of the dungeon, and saw 3 of its levels.

You collected 15 gold pieces.

Inventory:

Hand Weapons
 a - a +0 hand axe (weapon)
Armour
 b - a +0 leather armour
 f - a +0 ring mail (worn)
Jewellery
 h - a ring of protection from fire
Wands
 g - a wand of digging (3)
Scrolls
 c - 2 scrolls of fog
 d - 2 scrolls of magic mapping
 e - a scroll of fear
 i - a scroll of enchant weapon {unknown}


   Skills:
 + Level 4.4 Fighting
 + Level 3.0 Axes
 + Level 1.7 Armour
 + Level 2.6 Dodging
 + Level 5.5 Stealth


You had 4 spell levels left.
You didn't know any spells.
Your spell library was empty.

Dungeon Overview and Level Annotations

Branches:
Dungeon (6/15)
 Temple: D:4-7

Altars:

Shops:
D:5 :!

Annotations:
D:5 Blork the orc
D:6 Edmund


Innate Abilities, Weirdness & Mutations

You have a pair of horns on your head.
You reflexively headbutt those who attack you in melee.


Message History

An ogre comes into view. It is wielding a +0 giant club.
The ogre shouts!
A scorpion comes into view.
You hit the hobgoblin.
The hobgoblin is moderately wounded.
The hobgoblin hits you but does no damage.
You hit the hobgoblin.
You kill the hobgoblin!
The scorpion stings you.
You are poisoned.
The scorpion poisons you!
You feel very sick. The scorpion stings you.
You are more poisoned.
The scorpion poisons you!
You completely miss the ogre. You hit the scorpion but do no damage.
You feel very sick. The scorpion stings you.
The ogre hits you with a +0 giant club!
You hit the ogre. You headbutt the ogre!
The ogre is heavily wounded.
You hit the scorpion.
You feel very sick. The scorpion stings you. The ogre completely misses you.
The scorpion stings you but does no damage.
You hit the ogre but do no damage.
The ogre is heavily wounded.
You hit the scorpion.
You feel very sick. The scorpion closely misses you. You furiously retaliate!
You headbutt the scorpion. The ogre barely misses you. You furiously retaliate!
You headbutt the ogre! You hit the ogre.
The ogre is almost dead.
You barely miss the scorpion.
You feel very sick. The scorpion stings you!
* * * LOW HITPOINT WARNING * * *
A ball python comes into view.
The ogre hits you with a +0 giant club!
You die...

..S..(..
#......##
#.......#
.......### .
#.......### #..
###...?.....#....
#.....s..........
#.@O.>......#
#..........##
#.......####
........#.#
..#........# #
#.........
#...........
#...>........


You could see an ogre, a scorpion and a ball python (wandering).

Vanquished Creatures
  A black bear (D:5)
  A bullfrog zombie (D:5)
  A hound (D:6)
  An iguana (D:5)
  A worm (D:5)
  A hobgoblin (D:4)
6 creatures vanquished.

Notes
Turn   | Place    | Note
-------+----------+-------------------------------------------
     0 | D:5      | cbfl8 the Minotaur Delver began the quest for the Orb.
     0 | D:5      | Reached XP level 1. HP: 19/19 MP: 0/0
    45 | D:5      | Reached XP level 2. HP: 22/27 MP: 1/1
    45 | D:5      | Reached XP level 3. HP: 27/33 MP: 2/2
   190 | D:5      | Noticed a gnoll sergeant
   254 | D:6      | Reached skill level 5 in Stealth
   254 | D:6      | Reached XP level 4. HP: 8/40 MP: 3/3
   536 | D:6      | Noticed Edmund
   562 | D:5      | Noticed a black bear
   583 | D:5      | Killed a black bear
   584 | D:5      | Reached skill level 1 in Armour
   584 | D:5      | Reached XP level 5. HP: 47/47 MP: 4/4
   607 | D:5      | Found Fiapacig's Book Shoppe.
   643 | D:5      | Found Ygadghice's Distillery.
   644 | D:5      | Noticed Blork the orc
   650 | D:4      | Noticed an ogre
   660 | D:4      | Mangled by an ogre

Illustrated notes

Levels and vault maps discovered:
D:4:      layout_cave_pools, small_statue_alley_b, uniq_eustachio, uniq_robin
D:5:      layout_basic, serial_shops, shop_fountains, nicolae_square_shop,
          shop_fountains, nicolae_shop_self_help, uniq_blork_the_orc
D:6:      layout_gridville, marbit_many_paths, uniq_edmund

Skill      XL: |  1  2  3  4 |
---------------+-------------+-----
Fighting       | 4 |  4.4
Stealth        | 5 |  5.5
Axes           | 3 |  3.0
Armour         | 1 |  1.7
Dodging        | |  2.6

Action                   |  1- 3 |  4- 6 || total
-------------------------+-------+-------++-------
Melee: Hand axe          |    18 |    14 ||    32
       Headbutt          |     5 |     1 ||     6
  Use: Potion            |     1 |       ||     1
Armor: Leather armour    |     4 |       ||     4
       Ring mail         |       |     8 ||     8
Dodge: Dodged            |    18 |    11 ||    29
